Map: Newkirk Precinct TE (Void)

Players

AkutanZero - Winner!

  • Race: Terran Terran
  • League: Gold
  • Spawn Location: 5:00

BIGFLLA

  • Race: Protoss Protoss
  • League: Silver
  • Spawn Location: 7:00

VOD

Have the link to the VOD?

Description

Time

  • Played on: March 21, 2017, 3:07 a.m.
  • Length: 29:06
Show
View Real Time Build Order
Export as new Build Order

AkutanZero Terran - Winner!

Build Orders: Command Center First (CC), Mech 

Get SALT Encoding   

  12  0:14  SCV  
  13  0:26  SCV  
  14  0:38  SCV  
  15  1:00  Command Center  
  15  1:25  Supply Depot x2  
  15  1:49  Barracks  
  15  1:53  Barracks  
  15  1:58  Supply Depot  
  15  2:08  SCV  
  16  2:13  SCV  
  17  2:20  SCV  
  18  2:25  SCV  
  19  2:32  SCV  
  20  2:37  SCV  
  20  2:39  Marine  
  23  2:44  SCV  
  23  2:56  SCV  
  23  2:57  Marine  
  25  2:59  Bunker  
  25  3:10  Marine  
  26  3:15  Marine  
  27  3:24  Bunker  
  27  3:28  Marine  
  27  3:33  Marine  
  29  3:36  Orbital Command  
  29  3:40  Orbital Command  
  29  3:43  Engineering Bay  
  29  3:46  Marine  
  29  3:47  Refinery  
  29  3:48  Refinery  
  30  4:04  Marine  
  31  4:10  Command Center  
  31  4:20  Missile Turret  
  31  4:23  Missile Turret  
  31  4:36  SCV  
  32  4:41  Missile Turret  
  32  4:48  SCV  
  33  5:00  SCV  
  33  5:05  Factory  
  34  5:07  SCV  
  34  5:10  Missile Turret  
  34  5:12  SCV  
  36  5:19  SCV  
  37  5:23  Orbital Command  
  37  5:24  SCV  
  38  5:30  Missile Turret  
  38  5:31  SCV  
  38  5:32  Missile Turret  
  38  5:34  Refinery  
  39  5:43  SCV x2  
  41  5:51  Refinery  
  41  5:54  Factory Tech Lab  
  41  5:55  SCV x2  
  43  6:06  Armory, Sensor Tower  
  43  6:07  SCV  
  44  6:17  Missile Turret  
  44  6:19  SCV  
  44  6:20  Sensor Tower  
  44  6:23  SCV  
  46  6:29  Siege Tank  
  46  6:31  SCV  
  50  6:34  SCV  
  50  6:35  SCV  
  52  6:46  SCV  
  53  6:47  SCV  
  53  6:48  Factory  
  53  6:50  SCV  
  53  6:52  Factory  
  55  6:58  SCV  
  55  6:59  SCV  
  55  7:01  Drilling Claws, Siege Tank  
  60  7:02  SCV  
  61  7:10  SCV  
  61  7:11  SCV  
  63  7:20  Missile Turret  
  63  7:21  Missile Turret  
  63  7:22  SCV  
  64  7:23  SCV  
  64  7:25  Command Center  
  64  7:26  Command Center  
  65  7:32  Factory Tech Lab  
  65  7:35  SCV, Factory Reactor  
  66  7:47  Starport  
  66  7:49  Starport  
  66  7:54  Factory  
  66  7:59  Supply Depot  
  66  8:01  Supply Depot  
  66  8:08  Siege Tank  
  69  8:21  Siege Tank  
  69  8:22  Supply Depot  
  72  8:30  Starport Reactor x2  
  72  8:37  Factory Reactor  
  72  8:54  Orbital Command x2  
  72  9:12  Factory  
  72  9:14  Factory  
  72  9:15  Factory  
  72  9:22  Widow Mine x4  
  72  9:23  Widow Mine x2  
  84  9:50  Widow Mine  
  84  9:51  Widow Mine x5  
  96  9:53  Supply Depot  
  96  9:55  Supply Depot  
  96  9:57  Supply Depot x2  
  96  9:58  Supply Depot  
  96  10:02  Supply Depot  
  96  10:04  Supply Depot  
  96  10:13  Command Center  
  96  10:19  Widow Mine x4  
  96  10:20  Widow Mine x2  
  96  10:21  Supply Depot x2  
  108  10:25  Supply Depot  
  108  10:32  Factory Reactor x3  
  108  10:37  Viking x2  
  108  10:39  Viking x2  
  116  10:47  Widow Mine  
  116  10:48  Widow Mine x4  
  126  11:32  Refinery x2  
  126  11:33  Armory  
  126  11:34  Infernal Pre-Igniter, Armory  
  126  11:35  Engineering Bay, Orbital Command  
  126  11:49  Missile Turret  
  126  11:53  Missile Turret  
  126  12:13  Refinery  
  126  12:19  Command Center  
  126  12:23  Refinery  
  126  12:24  Command Center  
  126  12:26  Command Center  
  126  12:28  Command Center  
  126  12:30  Command Center  
  126  12:31  Siege Tank x2  
  126  12:32  Widow Mine  
  126  12:33  Widow Mine x8  
  126  12:34  Widow Mine  
  126  12:37  Missile Turret x3  
  152  12:38  Missile Turret  
  152  12:39  Missile Turret  
  152  12:41  Orbital Command  
  152  12:58  Missile Turret  
  152  13:00  Widow Mine  
  152  13:01  Widow Mine x4  
  152  13:02  Widow Mine x5  
  152  13:03  Siege Tank x2  
  152  13:04  Missile Turret  
  152  13:05  Missile Turret  
  178  13:07  Command Center  
  160  13:35  Siege Tank  
  141  14:21  Missile Turret  
  127  15:01  Orbital Command  
  124  15:27  Orbital Command x2  
  102  15:58  Siege Tank x2  
  102  16:00  Widow Mine x5  
  102  16:01  Widow Mine x5  
  128  16:16  Sensor Tower  
  128  16:23  Missile Turret  
  128  16:28  Widow Mine, Command Center  
  128  16:29  Widow Mine x7  
  128  16:30  Widow Mine x2, Siege Tank x2  
  154  16:57  Widow Mine x5  
  154  16:58  Widow Mine x2  
  168  17:02  Siege Tank  
  168  17:03  Siege Tank  
  168  17:05  Command Center  
  174  17:10  Command Center  
  174  17:35  Siege Tank x2  
  180  17:42  Refinery  
  178  18:07  Siege Tank x2  
  184  18:30  Command Center  
  184  18:40  Command Center  
  184  18:41  Command Center  
  184  18:44  Command Center  
  184  18:52  Planetary Fortress  
  184  18:59  Orbital Command  
  172  19:16  Widow Mine x5  
  105  20:33  Siege Tank  
  105  20:34  Siege Tank  
  111  20:35  Widow Mine x2  
  111  20:36  Widow Mine x8  
  131  21:04  Widow Mine x2, Orbital Command  
  131  21:06  Siege Tank x2  
  139  21:38  Siege Tank x2  
  145  21:40  SCV  
  146  21:52  SCV  
  147  22:07  Viking x4, Orbital Command  
  155  22:10  Siege Tank x2  
  161  22:34  Terran Vehicle Weapons Level 1, Terran Ship Weapons Level 1, Sensor Tower, Terran Vehicle And Ship Armor Level 1  
  161  22:37  Viking x2  
  161  22:42  Siege Tank x2  
  161  22:44  Sensor Tower  
  171  22:58  Orbital Command  
  171  23:10  Planetary Fortress  
  171  23:12  Planetary Fortress  
  171  23:15  SCV  
  171  23:17  Orbital Command x2  
  172  23:27  SCV  
  173  24:08  Missile Turret x2  
  173  24:16  Siege Tank x2  
  179  24:17  Widow Mine x2  
  179  24:18  Widow Mine x8  
  199  24:29  Missile Turret  
  199  24:32  Orbital Command  
  199  24:39  Starport  
  199  24:42  Starport  
  199  24:44  Factory  
  199  24:45  Factory  
  197  24:48  Siege Tank x2  
  195  25:02  Command Center  
  195  25:03  Command Center  
  195  25:08  Command Center  
  195  25:09  Command Center  
  195  25:11  Refinery  
  195  25:16  Refinery  
  195  25:18  Factory  
  195  25:20  Siege Tank  
  198  25:23  Factory  
  190  25:42  Widow Mine x5  
  186  26:35  Factory Reactor x3  
  186  26:36  Factory Reactor  
  182  27:29  Widow Mine x2  
  178  27:30  Widow Mine x7  
  178  27:31  Widow Mine x3  
  188  27:58  Missile Turret  
  188  27:59  Missile Turret x2  
  188  28:04  Missile Turret x2  
  181  28:06  Missile Turret x2  
  181  28:08  Missile Turret  
  181  28:09  Missile Turret  
  181  28:10  Missile Turret  
  181  28:11  Missile Turret  
  181  28:12  Missile Turret  
  157  28:16  Missile Turret x3  
  155  28:23  Widow Mine  
  155  28:24  Widow Mine x7  
  155  28:25  Widow Mine x7  
  155  28:26  Widow Mine x5  
  195  28:39  Orbital Command x3  
  195  28:40  Orbital Command  
Show
View Real Time Build Order
Export as new Build Order

BIGFLLA Protoss 

Build Orders: 1 Gate Expand 

Get SALT Encoding   

  12  0:03  Probe (Chrono Boost)  
  13  0:14  Pylon  
  13  0:18  Probe (Chrono Boost)  
  14  0:29  Probe (Chrono Boost)  
  14  0:35  Gateway  
  15  0:39  Probe (Chrono Boost)  
  16  0:50  Probe (Chrono Boost)  
  16  0:53  Assimilator  
  17  1:00  Probe (Chrono Boost)  
  18  1:21  Nexus  
  18  1:27  Probe (Chrono Boost)  
  19  1:34  Cybernetics Core  
  19  1:41  Probe (Chrono Boost)  
  20  1:55  Pylon  
  20  2:04  Assimilator  
  20  2:06  Pylon  
  20  2:15  Pylon  
  20  2:16  Warp Gate  
  20  2:21  Gateway  
  20  2:34  Probe x2 (Chrono Boost)  
  22  2:45  Mothership Core (Chrono Boost), Probe (Chrono Boost)  
  25  2:56  Sentry  
  25  2:58  Assimilator  
  27  2:59  Probe (Chrono Boost)  
  27  3:03  Probe (Chrono Boost)  
  29  3:10  Probe (Chrono Boost)  
  29  3:20  Twilight Council  
  29  3:22  Gateway  
  29  3:28  Pylon  
  29  3:32  Probe x2 (Chrono Boost)  
  31  3:35  Sentry  
  33  3:43  Probe x2 (Chrono Boost)  
  33  3:47  Resonating Glaives  
  35  3:53  Probe (Chrono Boost)  
  35  3:54  Probe (Chrono Boost)  
  37  4:15  Forge  
  37  4:19  Stalker  
  37  4:20  Stalker x2  
  43  4:26  Pylon  
  43  4:31  Probe (Chrono Boost)  
  45  4:32  Probe (Chrono Boost)  
  45  4:41  Probe (Chrono Boost)  
  45  4:45  Probe (Chrono Boost)  
  47  4:48  Pylon  
  47  4:52  Pylon  
  47  4:54  Protoss Ground Armor Level 1, Assimilator, Probe (Chrono Boost)  
  47  4:57  Probe (Chrono Boost)  
  49  5:06  Probe (Chrono Boost)  
  50  5:08  Adept x2  
  50  5:10  Adept  
  57  5:15  Probe (Chrono Boost)  
  57  5:18  Probe (Chrono Boost)  
  58  5:27  Probe (Chrono Boost)  
  59  5:33  Adept  
  59  5:35  Adept x2  
  65  5:49  Pylon  
  65  5:52  Robotics Facility  
  65  6:02  Adept x2  
  69  6:26  Adept  
  69  6:29  Adept x2  
  75  6:33  Protoss Ground Weapons Level 1  
  75  6:34  Nexus  
  75  6:38  Assimilator  
  75  6:42  Assimilator  
  75  6:45  Pylon  
  75  6:48  Pylon  
  75  6:51  Photon Cannon  
  75  6:52  Observer  
  75  6:53  Adept, Photon Cannon  
  78  7:07  Adept  
  78  7:08  Adept  
  82  7:11  Observer  
  85  7:16  Probe x2 (Chrono Boost)  
  85  7:20  Adept  
  87  7:29  Observer  
  87  7:34  Adept  
  87  7:35  Adept  
  92  7:46  Immortal  
  92  7:47  Probe (Chrono Boost)  
  92  7:48  Probe (Chrono Boost)  
  98  7:55  Pylon  
  98  8:00  Robotics Bay  
  98  8:04  Robotics Facility  
  98  8:09  Pylon, Protoss Ground Armor Level 2  
  98  8:20  Immortal  
  102  8:36  Photon Cannon  
  102  8:38  Photon Cannon  
  102  8:43  Probe (Chrono Boost)  
  102  8:44  Probe x2 (Chrono Boost)  
  105  8:51  Stalker x2  
  105  8:52  Stalker  
  105  8:54  Probe (Chrono Boost), Immortal  
  118  8:56  Probe (Chrono Boost)  
  118  8:57  Probe (Chrono Boost)  
  118  8:58  Observer Gravitic Boosters  
  117  9:20  Colossus  
  123  9:27  Adept x2  
  123  9:30  Adept  
  129  9:32  Colossus  
  129  9:34  Probe (Chrono Boost)  
  129  9:36  Probe x2 (Chrono Boost)  
  138  9:42  Extended Thermal Lance  
  138  9:49  Nexus  
  138  10:07  Protoss Ground Weapons Level 2  
  138  10:19  Colossus  
  144  10:22  Probe (Chrono Boost)  
  144  10:23  Probe x2 (Chrono Boost)  
  147  10:33  Probe (Chrono Boost)  
  149  10:35  Probe (Chrono Boost)  
  149  10:47  Pylon  
  149  10:56  Pylon  
  148  11:01  Pylon, Sentry x3  
  154  11:05  Pylon  
  154  11:08  Pylon  
  154  11:09  Probe x2 (Chrono Boost)  
  154  11:10  Probe (Chrono Boost)  
  154  11:11  Colossus, Pylon, Probe (Chrono Boost)  
  164  11:27  Stalker x3  
  170  11:42  Gravitic Drive  
  170  11:52  Warp Prism  
  172  11:57  Adept x3  
  178  12:03  Protoss Ground Armor Level 3  
  178  12:05  Immortal  
  182  12:09  Charge  
  182  12:19  Assimilator  
  182  12:23  Assimilator  
  182  12:24  Zealot x3  
  182  12:25  Photon Cannon  
  182  12:27  Photon Cannon  
  182  12:28  Immortal  
  192  12:30  Photon Cannon  
  192  12:44  Immortal  
  196  13:07  Immortal  
  174  13:23  Immortal  
  134  13:45  Stalker x3  
  136  13:53  Immortal  
  140  14:15  Stalker x3  
  145  14:25  Protoss Shields Level 1  
  145  14:34  Immortal x2  
  153  14:44  Stalker  
  153  14:45  Stalker x2  
  155  15:13  Disruptor x2  
  157  15:14  Blink  
  157  15:15  Adept, Stalker x2  
  163  15:42  Stalker  
  139  15:45  Stalker x2  
  109  15:59  Protoss Ground Weapons Level 3, Colossus x2  
  99  16:11  Stalker  
  99  16:14  Stalker  
  99  16:15  Stalker  
  99  16:18  Nexus  
  105  16:20  Assimilator  
  105  16:25  Assimilator  
  105  16:27  Pylon  
  105  16:32  Pylon  
  105  16:38  Gateway  
  105  16:39  Gateway  
  105  16:41  Stalker  
  105  16:44  Stalker  
  105  16:45  Stalker  
  111  16:53  Immortal x2  
  119  16:55  Gateway  
  119  16:59  Gateway  
  119  17:00  Gateway  
  119  17:11  Stalker  
  119  17:14  Stalker  
  119  17:15  Stalker  
  107  17:33  Immortal x2  
  84  18:12  Observer x2  
  86  18:33  Observer  
  86  18:34  Observer  
  71  18:40  Nexus  
  70  18:43  Assimilator  
  67  18:48  Assimilator  
  67  18:52  Pylon  
  67  18:53  Pylon  
  66  19:25  Protoss Shields Level 2  
  66  19:39  Probe (Chrono Boost)  
  66  19:40  Probe x2 (Chrono Boost)  
  66  19:41  Probe x2 (Chrono Boost)  
  66  19:45  Immortal x2  
  79  19:48  Stalker  
  79  19:49  Stalker x2  
  79  19:50  Stalker x4  
  72  20:24  Colossus x2  
  60  20:54  Stargate  
  60  20:55  Stargate  
  47  21:12  Probe x2 (Chrono Boost)  
  47  21:13  Probe (Chrono Boost)  
  47  21:14  Probe x2 (Chrono Boost)  
  47  21:18  Immortal x2  
  60  21:22  Probe (Chrono Boost)  
  60  21:23  Probe x2 (Chrono Boost)  
  61  21:36  Pylon  
  61  21:47  Void Ray  
  65  21:57  Immortal x2  
  63  22:34  Observer x2  
  65  22:40  Protoss Shields Level 3  
  65  22:43  Probe (Chrono Boost)  
  70  22:44  Probe (Chrono Boost)  
  70  22:45  Probe x3 (Chrono Boost)  
  70  22:52  Observer x2  
  70  23:04  Void Ray x2  
  70  23:11  Observer x2  
  78  23:29  Observer  
  78  23:30  Observer  
  80  23:45  Warp Prism  
  80  23:49  Void Ray x2  
  90  24:27  Void Ray x2  
  89  24:59  Stalker x4  
  97  25:00  Stalker  
  99  25:33  Probe (Chrono Boost)  
  99  25:34  Probe x3 (Chrono Boost)  
  99  25:35  Probe (Chrono Boost)  
  102  26:00  Void Ray x2  
  105  26:22  Observer x2  
  103  26:31  Probe (Chrono Boost)  
  108  26:32  Probe (Chrono Boost)  
  108  26:33  Probe x3 (Chrono Boost)  
  108  26:41  Observer x2  
  110  27:09  Stalker x4  
  110  27:10  Stalker  
  75  28:20  Void Ray x2  
  82  28:30  Probe (Chrono Boost)  
  82  28:31  Probe x3 (Chrono Boost)  
  82  28:32  Probe (Chrono Boost)  
  87  28:40  Probe (Chrono Boost)  
  88  28:43  Probe (Chrono Boost)  
Tags
 
Add a new tag
Caveats
  • Supply blocks, unpowered buildings, or Contaminate may cause inaccurate times.
  • Supply counts are checked every 10 seconds.